 Dungeon Crawl Stone Soup version 0.29-a0-802-g34511f41fd (webtiles) character file.

Game seed: 14833435097359157608

88 gobodom the Gusty (level 4, -1/24 HPs)
             Began as a Tengu Air Elementalist on July 4, 2022.
             Was a Believer of Vehumet.
             Slain by Grinder (10 damage)
             ... on level 4 of the Dungeon.
             The game lasted 00:08:42 (3299 turns).

gobodom the Gusty (Tengu Air Elementalist)          Turns: 3299, Time: 00:08:44

Health: -1/24      AC:  2    Str: 10    XL:     4   Next: 53%
Magic:  0/9        EV: 12    Int: 16    God:    Vehumet [**....]
Gold:   177        SH:  0    Dex: 14    Spells: 4/8 levels left

rFire   . . .      SeeInvis .   (no weapon)
rCold   . . .      Faith    .   (no shield)
rNeg    . . .      Spirit   .   a - +0 robe
rPois   .          Reflect  .   (helmet restricted)
rElec   .          Harm     .   (no cloak)
rCorr   .          Rampage  .   (no gloves)
Will    .....                   (boots unavailable)
Stlth   ++........              (no amulet)
HPRegen 0.08/turn               (no ring)
MPRegen 0.11/turn               (no ring)

@: very slightly contaminated
A: beak, talons 3
a: Renounce Religion


You were on level 4 of the Dungeon.
You worshipped Vehumet.
Vehumet was pleased with you.
You visited 1 branch of the dungeon, and saw 4 of its levels.

You collected 177 gold pieces.

Inventory:

Missiles
 h - 3 poisoned darts
 j - 5 datura-tipped darts
Armour
 a - a +0 robe (worn)
Magical Staves
 o - a staff of death
Jewellery
 i - a ring of ice
Scrolls
 d - a scroll of teleportation {unknown}
 e - a scroll of fear {unknown}
 f - a scroll of enchant armour {unknown}
 g - a scroll of vulnerability {unknown}
 n - a scroll of identify {unknown}
 p - a scroll of noise {unknown}
 q - a scroll of magic mapping {unknown}
Potions
 b - a potion of magic
 c - a potion of flight {unknown}
 k - a potion of berserk rage {unknown}
 l - a potion of invisibility {unknown}
 m - 2 potions of attraction {unknown}
 r - a potion of lignification {unknown}
 s - 2 potions of heal wounds {unknown}
 t - a potion of brilliance {unknown}
 u - a potion of haste {unknown}


   Skills:
 + Level 0.4 Fighting
 + Level 2.6 Dodging
 + Level 2.0 Stealth
 + Level 0.1 Unarmed Combat
 + Level 2.8 Spellcasting
 + Level 1.8 Conjurations
 + Level 5.6 Air Magic


You had 4 spell levels left.
You knew the following spells:

 Your Spells              Type           Power      Damage    Failure   Level
a - Shock                 Conj/Air       56%        1d6       4%          1
b - Freeze                Ice            8%         1d3       19%         1
c - Static Discharge      Conj/Air       14%        3-5/arc   6%          2

Your spell library contained the following spells:

 Spells                   Type           Power      Damage    Failure   Level
 Swiftness                Air            20%        N/A       5%          3
 Airstrike                Air            10%        0-4+      19%         4


Dungeon Overview and Level Annotations

Branches:
Dungeon (4/15)
 Temple: D:4-7

Altars:
Vehumet

Shops:
D:1 [

Annotations:
D:3 1 transporter, Gus979's ghost, amateur DrIE
D:4 Grinder


Innate Abilities, Weirdness & Mutations

You have a beak for a mouth.
You have claws for feet.


Message History

The hound is lightly wounded.
Grinder shouts!
The zap hits the hound.
The hound is heavily wounded.
Grinder blinks!
The hound closely misses you.
The zap misses the hound.
The hound bites you. The hound barely misses you.
The zap hits the hound.
The hound is severely wounded.
The hound bites you.
The zap hits the hound.
You kill the hound!
Vehumet accepts your kill.
You feel your power returning.
The zap hits Grinder but does no damage.
The zap hits Grinder.
Grinder is lightly wounded.
Grinder gestures at you. You resist with significant effort.
The zap hits Grinder.
Grinder is moderately wounded.
Grinder hits you.
You writhe in agony.
You are too injured to fight recklessly!
Casting: Shock (safe; 4% risk of failure)
Confirm with . or Enter, or press ? or * to list all spells.
Aiming: Shock (safe; 4% risk of failure)
Press: ? - help, Shift-Dir - straight line, f/p - Grinder
Aim: Grinder (moderately wounded, 68% to hit)
You miscast Shock.
You are very lightly contaminated with residual magic.
Nothing appears to happen.
Grinder barely misses you.
Casting: Shock (safe; 4% risk of failure)
Confirm with . or Enter, or press ? or * to list all spells.
Aiming: Shock (safe; 4% risk of failure)
Press: ? - help, Shift-Dir - straight line, f/p - Grinder
Aim: Grinder (moderately wounded, 68% to hit)
The zap hits Grinder.
Grinder is moderately wounded.
Grinder hits you!
You die...

#.# #......... #.#
#........#
#.########........#
#.#...........รท...#
#.#.#.............#
#.#.#.............#
#.#.#.....######'#
#.#.#.....# #5#
#.#.#.....######@#
#.#.#.....'......#
#.#.#.....#####..#
#.#.#.....#
#..######
#.#.###.###
#..#....# #.#.#<#.#
#.......# #.#.#.#.#
##......#
#.#...#.#####
#......#
#.#####.....#
#......#


You could see Grinder.

Vanquished Creatures
  A hound (D:4)
  An adder (D:3)
  A worm (D:3)
  A dart slug (D:1)
  An orc (D:3)
  3 endoplasms
  4 giant cockroaches
  8 goblins
  6 hobgoblins
  A jackal (D:4)
  2 ball pythons (D:1)
  5 bats
  3 frilled lizards
  2 kobolds
  3 rats
42 creatures vanquished.

Notes
Turn   | Place    | Note
-------+----------+-------------------------------------------
     0 | D:1      | gobodom the Tengu Air Elementalist began the quest for the
                  | Orb.
     0 | D:1      | Reached XP level 1. HP: 10/10 MP: 4/4
   123 | D:1      | Found Vealof's Antique Armour Boutique.
   234 | D:1      | Reached XP level 2. HP: 12/15 MP: 1/6
   366 | D:1      | Found a faded altar of an unknown god.
   372 | D:1      | Prayed at the altar of an unknown god.
   372 | D:1      | Became a worshipper of Vehumet
   372 | D:1      | Reached * piety under Vehumet
   372 | D:1      | Offered knowledge of Freeze by Vehumet.
   375 | D:1      | Learned a level 1 spell: Freeze
  1229 | D:2      | Reached XP level 3. HP: 19/19 MP: 2/7
  1315 | D:2      | You fall into a shaft and drop 1 floor!
  2331 | D:3      | Noticed Gus979's ghost (amateur DrIE)
  2332 | D:3      | Found a transporter.
  2332 | D:3      | Identified the +7 great mace of the Philosopher {venom,
                  | rElec rPois Int+2}
  2332 | D:3      | Noticed an ogre
  2333 | D:3      | Noticed an ogre
  2763 | D:3      | Reached skill level 5 in Air Magic
  2982 | D:4      | Learned a level 2 spell: Static Discharge
  3037 | D:4      | Reached ** piety under Vehumet
  3038 | D:4      | Reached XP level 4. HP: 24/24 MP: 5/9
  3287 | D:4      | Noticed Grinder
  3299 | D:4      | Slain by Grinder

Illustrated notes

Levels and vault maps discovered:
D:1:      giann_forest_graveyard, layout_basic,
          shapermc_ecumenical_altar_starsandcircs, serial_shops,
          nicolae_shop_behind_doors, minmay_misc_feat_four_crosses,
          hangedman_decor_peaks_small
D:2:      layout_basic
D:3:      layout_basic, gammafunk_ghost_smash, minmay_fractal_squares_diagonal_5
D:4:      kennysheep_goblin_castle, layout_basic, uniq_grinder

Skill      XL: |  1  2  3 |
---------------+----------+-----
Air Magic      | 5 |  5.6
Fighting       | |  0.4
Dodging        | |  2.6
Stealth        | |  2.0
Unarmed Combat | |  0.1
Spellcasting   | |  2.8
Conjurations   | |  1.8

Action                   |  1- 3 |  4- 6 || total
-------------------------+-------+-------++-------
Melee: Unarmed           |    19 |       ||    19
       Kick              |     1 |       ||     1
 Cast: Shock             |   110 |    17 ||   127
Armor: Robe              |    14 |       ||    14
Dodge: Dodged            |    41 |     3 ||    44

Table legend: (Time is in decaauts)
 A = Elapsed time spent in this place.
 B = Non-inter-level travel time spent in this place.
 C = Inter-level travel time spent in this place.
 D = Time resting spent in this place.
 E = Time spent auto-exploring this place.
 F = Levels seen in this place.
 G = Mean time per level.
                   A        B        C        D        E       F      G
               +--------+--------+--------+--------+--------+-----+--------+
         Total |   3299 |   3122 |    177 |      0 |   2673 |   4 |  824.8 |
       Dungeon |   3299 |   3122 |    177 |      0 |   2673 |   4 |  824.8 |
               +--------+--------+--------+--------+--------+-----+--------+

Top non-repeatable levels by time:
     D:3: 1638 daAuts
     D:1: 1014 daAuts
     D:4: 344 daAuts
     D:2: 301 daAuts
